 Dungeon Crawl Stone Soup version 0.23.2-1-ga50397a (webtiles) character file.

Game seed: 6371798432413797656

106 raph the Poker (level 4, 0/37 HPs)
             Began as a Minotaur Gladiator on May 18, 2019.
             Killed by nerve-wracking pain
             ... invoked by Grinder
              (12 damage)
             ... while paralysed by Grinder
             ... on level 2 of the Dungeon.
             The game lasted 00:03:57 (1858 turns).

raph the Poker (Minotaur Gladiator)                 Turns: 1858, Time: 00:03:58

Health: 0/37       AC:  8    Str: 19    XL:     4   Next: 55%
Magic:  3/3        EV:  2    Int:  5    God:
Gold:   95         SH:  0    Dex: 12    Spells: 3/3 levels left

rFire    . . .     SeeInvis .   a - +0 trident
rCold    . . .     Gourm    .   (no shield)
rNeg     . . .     Faith    .   v - +0 chain mail
rPois    .         Spirit   .   c - +0 hat
rElec    .         Reflect  .   (no cloak)
rCorr    +         Harm     .   (no gloves)
MR       .....                  (no boots)
Stlth    ..........             (no amulet)
HPRegen  0.12/turn              j - ring of resist corrosion
MPRegen  0.08/turn              (no ring)

@: paralysed
A: retaliatory headbutt, horns 2
a: no special abilities


You were on level 2 of the Dungeon.
You were not hungry.

You visited 1 branch of the dungeon, and saw 3 of its levels.

You collected 95 gold pieces.

Inventory:

Hand Weapons
 a - a +0 trident (weapon)
Missiles
 d - 3 throwing nets (quivered)
 i - 84 stones
Armour
 b - a +0 leather armour
 c - a +0 hat (worn)
 t - a +0 scale mail
 v - a +0 chain mail (worn)
Jewellery
 j - a ring of resist corrosion (left hand)
Scrolls
 e - a scroll of amnesia {unknown}
 g - a scroll of immolation {unknown}
 h - 2 scrolls of magic mapping {unknown}
 m - 4 scrolls of identify {unknown}
 n - a scroll of remove curse {unknown}
 q - a scroll of fear {unknown}
 r - a scroll of enchant armour {unknown}
 u - a scroll of enchant weapon {unknown}
Potions
 k - 2 potions of invisibility {unknown}
 o - a potion of degeneration {unknown}
 p - a potion of cancellation {unknown}
 s - a potion of flight {unknown}
Comestibles
 f - 6 rations
 l - 2 chunks of flesh


   Skills:
 - Level 2.4 Fighting
 + Level 6.5 Polearms
 - Level 2.0 Throwing
 - Level 3.2 Dodging


You had 3 spell levels left.
You didn't know any spells.
Your spell library was empty.

Dungeon Overview and Level Annotations

Branches:
Dungeon (3/15)

Altars:

Annotations:
D:2 Grinder


Innate Abilities, Weirdness & Mutations

You reflexively headbutt those who attack you in melee.
You have a pair of horns on your head.


Message History

You hit Grinder. Your headbutt misses Grinder.
Grinder is moderately wounded.
Grinder hits you but does no damage.
You barely miss Grinder.
Grinder is moderately wounded.
Grinder says, "Are you a fish?" Grinder hits you!
You puncture Grinder!
Grinder is heavily wounded.
Grinder hits you but does no damage.
You puncture Grinder!
Grinder is severely wounded.
Grinder gestures at you.
You suddenly lose the ability to move!
Grinder hits you but does no damage. x2
Grinder drinks a potion.
Grinder is healed!
Grinder hits you but does no damage. Grinder gestures at you.
Pain shoots through your body!
You die...

##.# #.# #
#.###.# #
#.....###
###
####....##
..#
####..######
..#####
#......(..#
......#
#.>รท......#
......#
#..>......#
......#
#...@5....#
......#
###########
......#
......#
......#
......#
#######


You could see Grinder.

Vanquished Creatures
  2 gnolls (D:3)
  3 adders (D:2)
  2 worms (D:2)
  2 dart slugs (D:1)
  2 leopard geckos (D:2)
  5 goblins
  5 hobgoblins
  3 jackals (D:1)
  6 kobolds
  2 ball pythons (D:2)
  8 bats
  2 frilled lizards
  9 rats
51 creatures vanquished.

Notes
Turn   | Place    | Note
-------+----------+-------------------------------------------
     0 | D:1      | raph the Minotaur Gladiator began the quest for the Orb.
     0 | D:1      | Reached XP level 1. HP: 18/18 MP: 0/0
    98 | D:1      | Reached skill level 4 in Polearms
   118 | D:1      | Reached XP level 2. HP: 25/25 MP: 1/1
   566 | D:1      | Reached skill level 5 in Polearms
   588 | D:1      | Reached XP level 3. HP: 30/30 MP: 2/2
  1340 | D:2      | Reached skill level 6 in Polearms
  1340 | D:2      | Reached XP level 4. HP: 33/37 MP: 3/3
  1748 | D:3      | Noticed Grinder
  1853 | D:2      | Paralysed by Grinder for 7 turns
  1858 | D:2      | Killed from afar by Grinder

Skill      XL: |  1  2  3 |
---------------+----------+-----
Polearms       | 4 5 6 |  6.5
Fighting       | |  2.4
Throwing       | |  2.0
Dodging        | |  3.2

Action                   |  1- 3 |  4- 6 || total
-------------------------+-------+-------++-------
Melee: Trident           |    92 |    36 ||   128
       Headbutt          |    11 |     3 ||    14
 Stab: Sleeping          |     1 |       ||     1
  Eat: Chunk             |     1 |     2 ||     3
Armor: Leather armour    |    16 |       ||    16
       Chain mail        |       |    15 ||    15
Dodge: Dodged            |    47 |    14 ||    61
